 Dungeon Crawl Stone Soup version 0.30-a0-279-g4b46babb21 (webtiles) character file.

Game seed: 10837036288492324740

675 MudFish the Conjurer (level 7, -6/40 HPs)
             Began as a Gargoyle Reaver on Oct 16, 2022.
             Was a Follower of Dithmenos.
             Mangled by a gnoll
             ... wielding a +0 halberd
             ... led by a gnoll bouda
              (9 damage)
             ... on level 5 of the Dungeon.
             The game lasted 00:11:38 (3917 turns).

MudFish the Conjurer (Gargoyle Reaver)              Turns: 3917, Time: 00:11:38

Health: -6/40      AC:  7    Str: 21    XL:     7   Next: 59%
Magic:  10/10      EV: 11    Int: 16    God:    Dithmenos [*.....]
Gold:   325        SH:  0    Dex:  8    Spells: 4/10 levels left

rFire   . . .      SeeInvis .    c - +10 short sword of the Poles {vorpal, rPois}
rCold   + . .      Faith    .    (no shield)
rNeg    + . .      Spirit   .    b - +0 leather armour
rPois   ∞          Reflect  .    (no helmet)
rElec   +          Harm     .    (no cloak)
rCorr   .          Rampage  .    (no gloves)
Will    .....                    (no boots)
Stlth   ++........               d - amulet of magic regeneration
HPRegen 0.26/turn                l - +6 ring of strength
MPRegen 0.52/turn                i - ring of protection from cold

@: mighty, hasted, wreathed by umbra, very quick
A: sickness immunity, AC +4, negative energy resistance 1, electricity
resistance, torment resistance 1, petrification resistance
a: Renounce Religion


You were on level 5 of the Dungeon.
You worshipped Dithmenos.
Dithmenos was aware of your devotion.
You visited 2 branches of the dungeon, and saw 6 of its levels.

You collected 377 gold pieces.
You spent 52 gold pieces at shops.

Inventory:

Hand Weapons
 a - a +1 mace of electrocution
 c - the +10 short sword of the Poles (weapon) {vorpal, rPois}
   (You acquired it on level 1 of the Dungeon)

   It inflicts extra damage upon your enemies.
   rPois:     It protects you from poison.
 m - a +0 dagger
 n - a +3 whip of pain
Missiles
 p - 4 poisoned darts
Armour
 b - a +0 leather armour (worn)
 f - the +0 robe of Pandemonium {Rampage rN++ Int-2 Dex+2}
   (You found it on level 2 of the Dungeon)

   Int:       It affects your intelligence (-2).
   Dex:       It affects your dexterity (+2).
   rN:        It greatly protects you from negative energy.
   Rampage:   It bestows one free step when moving towards enemies.
Jewellery
 d - an amulet of magic regeneration (around neck)
 i - a ring of protection from cold (right hand)
 j - an amulet of regeneration
 l - a +6 ring of strength (left hand)
 r - a +6 ring of dexterity
Wands
 e - a wand of roots (8)
Scrolls
 o - 3 scrolls of identify
 u - a scroll of teleportation
Potions
 g - a potion of flight
 q - a potion of ambrosia {unknown}
 s - a potion of haste
 t - a potion of attraction {unknown}


   Skills:
 - Level 2.1 Fighting
 * Level 4.2 Short Blades
 - Level 3.7 Maces & Flails
 - Level 1.5 Dodging
 * Level 4.7 Stealth
 - Level 2.0 Spellcasting
 + Level 5.3 Conjurations
 - Level 1.3 Ice Magic


You had 4 spell levels left.
You knew the following spells:

 Your Spells              Type           Power      Damage    Failure   Level
a - Kiss of Death         Conj/Necr      40%        2d8       8%          1
b - Hailstorm             Conj/Ice       12%        3d5       19%         3
c - Momentum Strike       Conj/Tloc      20%        3d8       12%         2

Your spell library contained the following spells:

 Spells                   Type           Power      Damage    Failure   Level
 Necrotise                Necr           4%         1d4       24%         1
 Vampiric Draining        Necr           1%         2d6       56%         3
 Agony                    Necr           1%         N/A       100%        5
 Alistair's Intoxication  Tmut/Pois      0%         N/A       100%        5
 Borgnjor's Vile Clutch   Necr/Erth      0%         N/A       100%        5
 Eringya's Noxious Bog    Tmut/Pois      0%         N/A       100%        6


Dungeon Overview and Level Annotations

Branches:
Dungeon (5/15)             Temple (1/1) D:4

Altars:
Ashenzari
Dithmenos
Ru
Sif Muna
Uskayaw
Yredelemnul

Shops:
D:2 ??:   D:4 *

Annotations:
D:5 2 transporters, Grinder


Innate Abilities, Weirdness & Mutations

You are immune to sickness and miasma.
Your stone body is resilient. (AC +4)
You are immune to poison.
You resist negative energy. (rN+)
You are resistant to electric shocks. (rElec)
You are resistant to unholy torment.
You are immune to petrification.


Message History

The gnoll closely misses you.
Items here: )) ††.
You completely miss the gnoll. The gnoll barely misses you.
You hit the gnoll.
The gnoll is heavily wounded.
The gnoll hits you but does no damage. The gnoll hits you with a +0 club.
* * * LOW HITPOINT WARNING * * *
The gnoll hits you but does no damage. Grinder hits you.
* * * LOW HITPOINT WARNING * * *
You writhe in agony.
* * * LOW HITPOINT WARNING * * *
You closely miss the gnoll. The gnoll misses you.
You barely miss the gnoll bouda.
The gnoll is no longer moving quickly.
The gnoll closely misses you.
The gnoll hits you from afar with a +0 spear.
* * * LOW HITPOINT WARNING * * *
The gnoll bouda barks out a call to the hunt!
The gnoll picks up the pace!
Grinder hits you but does no damage.
You puncture the gnoll bouda!
The gnoll bouda is severely wounded.
The gnoll barely misses you. The gnoll hits you with a +0 club.
* * * LOW HITPOINT WARNING * * *
The gnoll closely misses you.
You puncture the gnoll bouda!
You kill the gnoll bouda!
Dithmenos accepts your kill.
The gnoll is no longer moving quickly.
Grinder hits you.
* * * LOW HITPOINT WARNING * * *
The gnoll attacks as you move away! The gnoll hits you but does no damage.
The gnoll barely misses you. The gnoll hits you but does no damage.
Grinder hits you but does no damage.
Things that are here:
a +0 club; a +0 robe; a gnoll corpse You barely miss the gnoll.
The gnoll barely misses you.
Unknown command.
You puncture Grinder!
Grinder is moderately wounded.
The gnoll hits you with a +0 halberd!
You die...

....#............................
#...#............................
...8#........###+#...............
+###.........+...#...............
.............#...+...............
.....+.......#...#...............
##+###.......#'###...............
... #..........5)...............
..g. #...†.....g@g########.......
..gg.#...........g# #.......
.....'............# #.......
....g#............# ##+##### ....
#.......###### #.. ... #.......#
#.. .. #.......# #.. . #.......#
#.. #.......# ###


You could see Grinder and 3 gnolls.

Vanquished Creatures
  An ogre (D:5)
  A howler monkey (D:5)
  4 hounds (D:5)
  4 orc priests
  2 gnoll boudas
  2 iguanas (D:5)
  An orc wizard (D:3)
  4 adders
  5 gnolls
  An ufetubus (D:3)
  3 dart slugs (D:1)
  12 orcs
  12 endoplasms
  2 giant cockroaches
  3 goblins
  4 hobgoblins
  4 quokkas
  10 ball pythons
  3 bats
  4 frilled lizards (D:1)
  2 kobolds
  4 rats
88 creatures vanquished.

Notes
Turn   | Place    | Note
-------+----------+-------------------------------------------
     0 | D:1      | MudFish the Gargoyle Reaver began the quest for the Orb.
     0 | D:1      | Reached XP level 1. HP: 12/12 MP: 3/3
   261 | D:1      | Reached XP level 2. HP: 14/14 MP: 5/5
   549 | D:1      | Reached XP level 3. HP: 17/21 MP: 6/6
   553 | D:1      | Learned a level 3 spell: Hailstorm
   742 | D:1      | Found a faded altar of an unknown god.
   900 | D:1      | Identified a scroll of acquirement
   900 | D:1      | Acquired the +10 short sword of the Poles {vorpal, rPois}
  1004 | D:2      | Reached skill level 4 in Conjurations
  1090 | D:2      | Found Lurpheogg's Book Shoppe.
  1161 | D:2      | Found Cisuas's Magic Scroll Boutique.
  1167 | D:2      | Bought a scroll of identify for 28 gold pieces
  1185 | D:2      | Found Dausobat's Magic Scroll Boutique.
  1187 | D:2      | Reached skill level 1 in Short Blades
  1187 | D:2      | Reached XP level 4. HP: 25/26 MP: 7/7
  1198 | D:2      | Identified the +0 robe of Pandemonium {Rampage rN++ Int-2
                  | Dex+2}
  1435 | D:2      | Learned a level 2 spell: Momentum Strike
  1543 | D:3      | Reached skill level 1 in Ice Magic
  2314 | D:4      | Found a staircase to the Ecumenical Temple.
  2331 | Temple   | Entered the Ecumenical Temple
  2353 | Temple   | Became a worshipper of Dithmenos the Shadowed
  2375 | D:4      | Reached XP level 5. HP: 25/26 MP: 8/8
  2479 | D:4      | Reached skill level 1 in Stealth
  2774 | D:4      | Reached XP level 6. HP: 4/35 MP: 9/9
  2982 | D:4      | Found Bozech's CLEARANCE SALE!.
  2987 | D:4      | Bought a +0 dagger for 12 gold pieces
  2987 | D:4      | Bought a scroll of identify for 12 gold pieces
  3318 | D:5      | Entered Level 5 of the Dungeon
  3318 | D:5      | Found a sacrificial altar of Ru.
  3548 | D:5      | Found a basalt altar of Yredelemnul.
  3554 | D:5      | Found a transporter.
  3583 | D:5      | Found a transporter.
  3639 | D:5      | Reached skill level 5 in Conjurations
  3639 | D:5      | Reached XP level 7. HP: 37/40 MP: 10/10
  3672 | D:5      | Reached * piety under Dithmenos
  3883 | D:5      | Noticed Grinder
  3917 | D:5      | Mangled by a gnoll

Illustrated notes

Levels and vault maps discovered:
D:1:      tarquinn_simple_flora_water_b, layout_rooms, serial_glass,
          glass_columns_a, glass_columns_a, glass_columns_c, glass_columns_a,
          glass_columns_b, glass_columns_a, shapermc_ecumenical_altar_acropolis,
          chequers_serial_rivers_marsh, minmay_misc_feat_encased,
          dk_noncrumbling_3, dk_noncrumbling_4
D:2:      layout_basic, serial_shops, shop_fountains,
          nicolae_shop_advertising_works [nicolae_subvault_shop_adworks], shop,
          st_stairs_14, minmay_tall_x
D:3:      layout_basic
D:4:      layout_cave_pods, minmay_temple_entry_drinking_statues,
          nicolae_shop_clearance
D:5:      layout_gridville, mainiacjoe_overflow_alcove_1,
          yredelemnul_altar_generic, gammafunk_ghost_abyssal_escape,
          minivault_1, uniq_grinder
Temple:   jpeg_temple_clearing

Skill      XL: |  1  2  3  4  5  6  7 |
---------------+----------------------+-----
Conjurations   | 4 5 |  5.3
Short Blades   | 1 2 3 4 |  4.2
Ice Magic      | 1 |  1.3
Stealth        | 2 3 4 |  4.7
Fighting       | |  2.1
Maces & Flails | |  3.7
Dodging        | |  1.5
Spellcasting   | |  2.0

Action                   |  1- 3 |  4- 6 |  7- 9 || total
-------------------------+-------+-------+-------++-------
Melee: Mace              |    76 |       |       ||    76
       Short sword       |    26 |    90 |    33 ||   149
       Punch             |       |       |     1 ||     1
 Cast: Kiss of Death     |     2 |     1 |       ||     3
  Use: Scroll            |    10 |     6 |       ||    16
       Potion            |     5 |     4 |     4 ||    13
 Stab: Sleeping          |       |     3 |       ||     3
       Distracted        |       |       |     1 ||     1
Armor: Leather armour    |    54 |    27 |    23 ||   104
Dodge: Dodged            |    93 |    36 |    31 ||   160

Table legend: (Time is in decaauts)
 A = Elapsed time spent in this place.
 B = Non-inter-level travel time spent in this place.
 C = Inter-level travel time spent in this place.
 D = Time resting spent in this place.
 E = Time spent auto-exploring this place.
 F = Levels seen in this place.
 G = Mean time per level.
                   A        B        C        D        E       F      G
               +--------+--------+--------+--------+--------+-----+--------+
         Total |   3925 |   3764 |    161 |    502 |   2491 |   6 |  654.2 |
       Dungeon |   3890 |   3737 |    153 |    502 |   2478 |   5 |  778.0 |
        Temple |     35 |     27 |      8 |      0 |     13 |   1 |   35.0 |
               +--------+--------+--------+--------+--------+-----+--------+

Top non-repeatable levels by time:
     D:4: 1001 daAuts
     D:1: 967 daAuts
     D:3: 793 daAuts
     D:5: 598 daAuts
     D:2: 529 daAuts
  Temple: 35 daAuts
